Map: Terrasses de Prion

Players

pupu

  • Race: Protoss Protoss
  • League: Silver

Joker - Winner!

  • Race: Protoss Protoss
  • League: Silver

VOD

Have the link to the VOD?

Description

Time

  • Played on: April 10, 2016, 5:27 a.m.
  • Length: 11:08
Show
View Real Time Build Order
Export as new Build Order

pupu Protoss 

Build Orders: 1 Gate Expand 

Get SALT Encoding   

  12  0:01  Probe (Chrono Boost)  
  13  0:11  Probe (Chrono Boost)  
  14  0:21  Pylon  
  14  0:24  Probe (Chrono Boost)  
  15  0:39  Probe (Chrono Boost)  
  16  0:43  Gateway  
  17  0:50  Probe (Chrono Boost), Assimilator  
  17  1:00  Probe (Chrono Boost)  
  18  1:11  Probe (Chrono Boost)  
  19  1:21  Probe (Chrono Boost)  
  20  1:28  Nexus  
  20  1:32  Probe (Chrono Boost)  
  21  1:45  Cybernetics Core  
  21  1:48  Probe (Chrono Boost)  
  21  1:52  Assimilator  
  22  1:59  Probe (Chrono Boost)  
  23  2:14  Pylon  
  23  2:24  Warp Gate (Chrono Boost)  
  23  2:32  Probe, Adept  
  26  2:40  Probe  
  27  2:44  Probe  
  27  2:50  Probe  
  28  2:56  Probe  
  28  2:57  Pylon  
  30  3:05  Gateway  
  30  3:07  Gateway  
  30  3:08  Gateway  
  30  3:15  Probe  
  30  3:16  Probe  
  30  3:19  Adept  
  34  3:43  Probe  
  34  3:45  Probe  
  34  3:55  Forge  
  34  4:00  Pylon x2  
  34  4:01  Pylon  
  34  4:03  Pylon  
  34  4:16  Stalker x3  
  34  4:17  Stalker  
  42  4:21  Probe  
  42  4:22  Probe  
  42  4:42  Stalker  
  42  4:43  Stalker x3  
  48  4:47  Probe  
  48  4:48  Probe  
  49  4:57  Probe  
  50  5:00  Probe  
  50  5:07  Photon Cannon  
  51  5:08  Probe  
  51  5:12  Probe  
  53  5:18  Probe  
  54  5:24  Probe  
  54  5:27  Photon Cannon  
  55  5:29  Probe  
  55  5:32  Photon Cannon  
  55  5:35  Protoss Shields Level 1  
  56  5:40  Sentry x3  
  56  5:41  Sentry  
  64  5:53  Photon Cannon  
  62  5:59  Photon Cannon  
  57  6:13  Stalker x3  
  63  6:22  Photon Cannon  
  63  6:23  Pylon  
  63  6:24  Probe  
  64  6:25  Probe  
  64  6:26  Pylon  
  65  6:35  Stalker  
  65  6:36  Stalker  
  65  6:37  Probe  
  65  6:39  Zealot  
  72  6:40  Zealot  
  74  6:49  Gateway  
  74  6:55  Probe  
  74  6:56  Probe  
  76  7:02  Assimilator  
  76  7:05  Assimilator  
  76  7:08  Probe  
  77  7:09  Photon Cannon  
  77  7:16  Pylon  
  77  7:18  Pylon  
  77  7:21  Pylon  
  77  7:25  Pylon  
  77  7:31  Stalker x3  
  83  7:37  Stalker  
  85  7:49  Gateway x2  
  85  7:50  Protoss Ground Armor Level 1 (Chrono Boost)  
  85  7:52  Gateway  
  85  7:55  Gateway  
  85  8:02  Stalker  
  85  8:03  Stalker x3  
  85  8:33  Stalker  
  85  8:34  Stalker x4  
  95  9:02  Nexus  
  95  9:03  Pylon  
  95  9:06  Pylon  
  95  9:09  Probe x2  
  97  9:11  Photon Cannon  
  97  9:12  Zealot x2  
  97  9:13  Photon Cannon, Zealot x3  
  97  9:17  Photon Cannon  
  107  9:21  Probe  
  72  9:55  Stalker  
  72  9:56  Stalker x6  
  72  9:57  Stalker x2  
  86  10:00  Probe  
  86  10:14  Probe x2  
  88  10:26  Probe x2  
  88  10:29  Stalker x3  
  88  10:32  Zealot  
Show
View Real Time Build Order
Export as new Build Order

Joker Protoss - Winner!

Build Orders: Oracle Opening 

Get SALT Encoding   

  12  0:01  Probe (Chrono Boost)  
  13  0:12  Probe (Chrono Boost)  
  14  0:17  Pylon  
  14  0:22  Probe (Chrono Boost)  
  15  0:34  Assimilator  
  15  0:36  Probe (Chrono Boost)  
  16  0:43  Gateway  
  16  0:47  Probe (Chrono Boost)  
  17  0:58  Probe (Chrono Boost)  
  18  1:08  Probe (Chrono Boost)  
  19  1:19  Probe (Chrono Boost)  
  20  1:29  Probe (Chrono Boost), Pylon  
  20  1:32  Cybernetics Core  
  21  1:42  Probe (Chrono Boost)  
  22  1:48  Assimilator  
  22  1:53  Probe (Chrono Boost)  
  23  2:09  Stargate  
  23  2:15  Warp Gate  
  23  2:25  Probe (Chrono Boost)  
  24  2:38  Nexus  
  24  2:48  Pylon  
  24  2:52  Probe (Chrono Boost)  
  24  2:56  Oracle (Chrono Boost)  
  27  3:18  Probe  
  28  3:29  Oracle (Chrono Boost)  
  28  3:30  Probe  
  32  3:45  Probe  
  33  3:49  Probe  
  34  3:57  Probe  
  34  4:00  Probe, Oracle (Chrono Boost)  
  39  4:09  Probe  
  40  4:10  Probe  
  41  4:19  Gateway  
  41  4:20  Gateway  
  41  4:21  Probe  
  41  4:23  Pylon  
  42  4:27  Twilight Council  
  42  4:28  Pylon  
  42  4:57  Probe  
  42  4:58  Probe  
  44  5:03  Assimilator  
  44  5:04  Assimilator  
  44  5:08  Probe (Chrono Boost)  
  44  5:11  Probe (Chrono Boost)  
  46  5:16  Nexus  
  46  5:18  Pylon  
  46  5:20  Probe (Chrono Boost)  
  47  5:21  Pylon  
  47  5:22  Probe (Chrono Boost)  
  47  5:25  Robotics Facility  
  48  5:30  Probe (Chrono Boost)  
  48  5:32  Forge  
  48  5:33  Probe (Chrono Boost), Forge  
  48  5:35  Pylon  
  50  5:37  Phoenix  
  50  5:41  Probe (Chrono Boost)  
  53  5:43  Probe (Chrono Boost)  
  51  6:14  Probe x2 (Chrono Boost)  
  53  6:25  Probe x2 (Chrono Boost)  
  55  6:42  Observer (Chrono Boost)  
  55  6:44  Probe (Chrono Boost)  
  55  6:46  Probe x2 (Chrono Boost)  
  59  6:51  Void Ray  
  59  6:53  Stalker x2  
  59  6:54  Stalker  
  69  7:03  Immortal (Chrono Boost), Mothership Core  
  75  7:18  Stalker  
  75  7:19  Stalker x2  
  81  7:38  Gateway x2  
  81  7:42  Gateway  
  81  7:44  Pylon  
  81  7:47  Pylon  
  81  7:49  Pylon  
  81  7:50  Stalker x2  
  81  7:51  Stalker, Pylon  
  87  8:00  Void Ray, Immortal (Chrono Boost)  
  95  8:07  Probe  
  95  8:08  Probe  
  95  8:09  Probe  
  90  8:28  Mothership Core  
  92  8:39  Immortal (Chrono Boost), Stalker x3  
  92  8:40  Stalker x3  
  107  8:42  Void Ray  
  108  9:02  Protoss Ground Weapons Level 1  
  108  9:04  Protoss Ground Armor Level 1  
  108  9:08  Charge  
  108  9:16  Pylon  
  108  9:18  Pylon  
  108  9:21  Pylon  
  108  9:23  Pylon  
  108  9:26  Pylon  
  108  9:27  Immortal (Chrono Boost)  
  106  9:36  Stalker x4  
  106  9:37  Stalker x2  
  96  10:01  Immortal (Chrono Boost)  
  100  10:10  Probe  
  100  10:11  Probe  
  102  10:19  Zealot x5  
  102  10:20  Zealot  
  114  10:23  Probe  
  115  10:30  Probe  
  115  10:35  Probe, Immortal (Chrono Boost)  
  121  10:46  Nexus  
Tags
 
Add a new tag
Caveats
  • Supply blocks, unpowered buildings, or Contaminate may cause inaccurate times.
  • Supply counts are checked every 10 seconds.